 Dungeon Crawl Stone Soup version 0.17-a0-1115-g0372368 (webtiles) character file.

123 tehphobia the Firebug (level 5, 0/35 HPs)
             Began as a Human Fire Elementalist on May 23, 2015.
             Slain by a gnoll
             ... wielding a +0 halberd
              (8 damage)
             ... on level 3 of the Dungeon.
             The game lasted 00:10:13 (3267 turns).

tehphobia the Firebug (Human Fire Elementalist)     Turns: 3267, Time: 00:10:13

Health: 0/35       AC:  2    Str:  8    XL:     5   Next: 28%
Magic:  0/9        EV:  9    Int: 16    God:
Gold:   61         SH:  0    Dex: 19    Spells: 2 memorised, 6 levels left

rFire  . . .     SeeInvis .     e - +0 club
rCold  . . .     Clarity  .     a - +0 robe
rNeg   . . .     SustAt   .     (no shield)
rPois  .         Gourm    .     (no helmet)
rElec  .         Spirit   .     (no cloak)
rCorr  .         Warding  .     (no gloves)
rMut   .         Stasis   .     (no boots)
MR     .....                    (no amulet)
Stlth  +++.......               (no ring)
                                (no ring)

@: agile, very slightly contaminated, held, not resistant to hostile
enchantments, fairly stealthy
A: no striking features
a: no special abilities


You were on level 3 of the Dungeon.
You were very hungry.

You visited 1 branch of the dungeon, and saw 3 of its levels.

You collected 61 gold pieces.

Inventory:

Hand weapons
 e - a +0 club (weapon)
 o - a -2 short sword
Missiles
 d - 116 stones (quivered)
Armour
 a - a +0 robe (worn)
Scrolls
 f - a scroll of amnesia
 g - a scroll of immolation
 j - a scroll of magic mapping {unknown}
 l - a scroll of blinking {unknown}
 r - 2 scrolls of identify {unknown}
Potions
 m - a potion of flight {unknown}
 n - 2 potions of might {unknown}
 q - a potion of poison {unknown}
Books
 b - a book of Flames

   Spells                             Type                      Level
   a - Flame Tongue                   Conjuration/Fire             1
   b - Throw Flame                    Conjuration/Fire             2
   c - Conjure Flame                  Conjuration/Fire             3
   d - Inner Flame                    Hexes/Fire                   3
   e - Sticky Flame                   Conjuration/Fire             4
   f - Fireball                       Conjuration/Fire             5
Comestibles
 c - 3 bread rations


   Skills:
 - Level 2.3 Dodging
 - Level 2.4 Stealth
 * Level 3.2 Spellcasting
 + Level 1.7 Conjurations
 * Level 4.0 Fire Magic


You had 6 spell levels left.
You knew the following spells:

 Your Spells              Type           Power        Failure   Level  Hunger
a - Flame Tongue          Conj/Fire      ##...        8%          1    None
b - Conjure Flame         Conj/Fire      ##......     17%         3    ###....


Dungeon Overview and Level Annotations

Branches:
Dungeon (3/15)

Altars:
Ashenzari

Annotations:
D:2 Sigmund
D:3 tehphobia's ghost, average HuFE


Message History

Confirm with . or Enter, or press ? or * to list all spells.
Aiming: Flame Tongue
Press: ? - help, Shift-Dir - straight line, f/p - gnoll
Aim: a gnoll, wielding a club (lightly wounded)
The flame tongue hits the gnoll.
The gnoll is heavily wounded.
The gnoll closely misses you.
The gnoll hits you from afar with a halberd.
* * * LOW HITPOINT WARNING * * *
Casting: Flame Tongue
Confirm with . or Enter, or press ? or * to list all spells.
You don't have enough magic to cast that spell.
Drink which item? (? for menu, Esc to quit)
It was a potion of curing.
You feel better. The gnoll hits you with a club.
* * * LOW HITPOINT WARNING * * *
Drink which item? (? for menu, Esc to quit)
It was a potion of agility.
You feel agile all of a sudden.
The gnoll hits you from afar with a halberd!
You die...

########
#......#
#.@)...#
#.g....#
#.g....#
#...>..#
#......#
#......#
#......#
#......#


You could see 2 gnolls.

Vanquished Creatures
  2 gnolls
  4 adders (D:2)
  An ooze (D:2)
  4 giant cockroaches
  9 hobgoblins
  4 jackals (D:1)
  7 kobolds
  A ball python (D:1)
  12 bats
  5 giant newts
  8 goblins
  7 rats
64 creatures vanquished.

Notes
Turn   | Place    | Note
--------------------------------------------------------------
     0 | D:1      | tehphobia the Human Fire Elementalist began the quest for the Orb.
     0 | D:1      | Reached XP level 1. HP: 13/13 MP: 3/3
    47 | D:1      | Reached XP level 2. HP: 2/19 MP: 0/5
   544 | D:1      | Reached XP level 3. HP: 24/24 MP: 4/6
  1348 | D:2      | Reached XP level 4. HP: 25/30 MP: 3/7
  1778 | D:2      | Learned a level 3 spell: Conjure Flame
  1901 | D:2      | Noticed Sigmund
  2244 | D:2      | Found a shattered altar of Ashenzari.
  2715 | D:2      | Reached XP level 5. HP: 35/35 MP: 6/9
  2829 | D:2      | Reached skill level 4 in Fire Magic
  3012 | D:3      | Noticed tehphobia's ghost (average HuFE)
  3267 | D:3      | Slain by a gnoll

Vault maps used:
D:1:      tarquinn_simple_flora_water_e, serial_bayou, serial_bayou_shore_b,
          serial_bayou_shore_a, serial_bayou_pond_a, serial_bayou_pond_b
D:2:      minmay_door_path, ashenzari_conservatory_becter, uniq_sigmund
D:3:      nicolae_ru_awakened_eye

Action                   |  1- 3 |  4- 6 || total
-------------------------+-------+-------++-------
Melee: Club              |    48 |       ||    48
 Cast: Flame Tongue      |    47 |    75 ||   122
       Conjure Flame     |       |     1 ||     1
  Use: Scroll            |       |     3 ||     3
       Potion            |       |     2 ||     2
  Eat: Chunk             |     2 |     5 ||     7
